 Dungeon Sprint DCSS version 0.22-a0-619-ga0c6fd2 (webtiles) character file.

5926 collin38 the Arsonist (level 10, -9/71 HPs)
             Began as an Octopode Fire Elementalist on July 15, 2018.
             Was the Champion of Vehumet.
             Mangled by a merfolk
             ... wielding a +0 trident
              (21 damage)
             ... in the Dungeon (Sprint V: "Ziggurat Sprint").
             The game lasted 00:11:34 (1103 turns).

collin38 the Arsonist (Octopode Fire Elementalist)  Turns: 1103, Time: 00:11:35

Health: -9/71      AC:  1    Str: 20    XL:     10   Next: 83%
Magic:  2/32       EV: 14    Int: 39    God:    Vehumet [******]
Gold:   0          SH:  0    Dex: 29    Spells: 19/34 levels left

rFire    . . .     SeeInvis .   C - +6 Majin-Bo {vamp, Archmagi MP+6 Int+6}
rCold    . . .     Gourm    .   (shield currently unavailable)
rNeg     . . .     Faith    .   (helmet restricted)
rPois    .         Spirit   .   (no amulet)
rElec    .         Reflect  .   t - +6 ring of dexterity
rCorr    .         Harm     .   u - +6 ring of dexterity
MR       .....     NoTele   +   v - +6 ring of intelligence
Stlth    ++++......             w - +6 ring of intelligence
HPRegen  0.21/turn              x - +6 ring of strength
MPRegen  0.23/turn              y - +6 ring of strength
                                I - ring of wizardry
                                M - +5 ring of dexterity

@: no status effects
A: almost no armour, stealthy swim, amphibious, 8 rings, constrict 8, camouflage
1, gelatinous body 1
a: Renounce Religion


You were in the Dungeon.
You worshipped Vehumet.
Vehumet was exalted by your worship.
You were not hungry.

You visited 1 branch

Inventory:

Hand Weapons
 C - the +6 Majin-Bo (weapon) {vamp, Archmagi MP+6 Int+6}
   (You found it in the Dungeon)

   It inflicts no extra harm, but heals its wielder when it wounds a living foe.
   It affects your intelligence (+6).
   It affects your magic capacity (+6).
 D - the +8 lance "Wyrmbane" {slay drac, rPois rF+ rC+ AC+3}
   (You found it in the Dungeon)

   It affects your AC (+3).
   It protects you from fire.
   It protects you from cold.
   It protects you from poison.
Armour
 H - a +3 buckler
Magical Staves
 F - an uncursed staff of energy
 J - an uncursed staff of wizardry
Jewellery
 t - a +6 ring of dexterity (left tentacle)
 u - a +6 ring of dexterity (right tentacle)
 v - a +6 ring of intelligence (on tentacle)
 w - a +6 ring of intelligence (on tentacle)
 x - a +6 ring of strength (on tentacle)
 y - a +6 ring of strength (on tentacle)
 I - a ring of wizardry (on tentacle)
 M - a +5 ring of dexterity (on tentacle)
 N - the ring of Scepticism {Int+2 Dex+2}
   (You found it in the Dungeon)

   [ring of dexterity]

   It affects your intelligence (+2).
   It affects your dexterity (+2).
Wands
 z - a wand of disintegration (7)
 A - a wand of iceblast (7)
 B - a wand of acid (7)
Scrolls
 h - 4 scrolls of blinking
 k - a scroll of brand weapon
 n - 4 scrolls of amnesia
 o - 7 scrolls of fog
 p - a scroll of holy word
 q - 5 scrolls of identify
 r - 5 scrolls of remove curse
 s - a scroll of fear
Potions
 a - 2 potions of brilliance
 c - 10 potions of curing
 d - 10 potions of heal wounds
 e - 2 potions of haste
 f - 7 potions of magic
 g - 2 potions of berserk rage
 j - 4 potions of resistance
 l - 5 potions of agility
 m - 4 potions of might
 K - a potion of degeneration {unknown}
 L - 2 potions of lignification {unknown}
Books
 i - a manual of Armour
Miscellaneous
 E - a lightning rod (4/4)
 G - a crystal ball of energy
Comestibles
 b - 5 rations


   Skills:
 - Level 7.3 Fighting
 - Level 2.0 Dodging
 - Level 2.6 Stealth
 + Level 12.6 Spellcasting
 + Level 13.5 Conjurations
 + Level 13.7 Fire Magic
 - Level 5.6 Poison Magic


You had 19 spell levels left.
You knew the following spells:

 Your Spells              Type           Power        Failure   Level  Hunger
a - Flame Tongue          Conj/Fire      #####        0%          1    None
b - Fireball              Conj/Fire      ########..   1%          5    None
c - Mephitic Cloud        Conj/Pois/Air  #######.     1%          3    None
d - Blink                 Tloc           N/A          1%          2    None
e - Sticky Flame          Conj/Fire      ########     1%          4    None

Your spell library contained the following spells:

 Spells                   Type           Power        Failure   Level  Hunger
 Magic Dart               Conj           ####         0%          1    None
 Conjure Flame            Conj/Fire      ########     0%          3    None
 Slow                     Hex            #####...     1%          2    None
 Throw Flame              Conj/Fire      ######       0%          2    None
 Call Imp                 Summ           #####...     1%          2    None
 Inner Flame              Hex/Fire       #######.     1%          3    None


Dungeon Overview and Level Annotations

Branches:
Dungeon (1/1)

Altars:
Ashenzari
Cheibriados
Dithmenos
Elyvilon
Fedhas
Gozag
Hepliaklqana
Kikubaaqudgha
Makhleb
Nemelex Xobeh
Okawaru
Qazlal
Ru
Sif Muna
Trog
Uskayaw
Vehumet
Wu Jian
Xom
Yredelemnul
Zin
The Shining One
Beogh
Jiyva
Lugonu


Innate Abilities, Weirdness & Mutations

You cannot wear most types of armour.
You are very stealthy in the water. (Stealth+)
You are amphibious.
You can wear up to eight rings at the same time.
You can use your tentacles to constrict eight enemies at once.
Your skin changes colour to match your surroundings (Stealth+).
Your rubbery body absorbs attacks. (AC +1, EV +1)


Message History

The merfolk hits you from afar with a trident!
You tear a large gash into the net.
The merfolk hits you from afar with a trident!
Casting: Fireball (safe; 1% risk of failure)
Confirm with . or Enter, or press ? or * to list all spells.
Aiming: Fireball (safe; 1% risk of failure)
Press: ? - help, Shift-Dir - straight line, f - merfolk
Aim: a merfolk, wielding a trident You feel a surge of power!
The fireball explodes!
The fireball engulfs the merfolk.
The merfolk is heavily wounded.
You feel much better.
The merfolk hits you from afar with a trident!
You rip the net and break free!
The merfolk hits you from afar with a trident!
You feel much better.
The merfolk hits you from afar with a trident!!
* * * LOW HITPOINT WARNING * * *
The merfolk hits you from afar with a trident!!
You die...

▓..8©8..▓
▓..}:||[..▓...))..▓
▓.).))).).▓..))=..▓
▓.........▓.......▓
▓....)....▓.......▓
▓)........▓.......▓
▓...mm)...▓.....†.▓
▓.▓.....▓.▓.▓.††▓.▓
▓....@....▓...©...▓
▓▓▓▓▓▓▓▓▓▓▓▓▓▓▓▓▓▓▓


You could see 2 merfolk.

Vanquished Creatures
  2 ugly things (D)
  4 draconians (D)
  A cyclops (shapeshifter) (D)
  3 merfolk (D)
  Sigmund (D)
  4 air elementals (D)
  2 fire elementals (D)
  A basilisk (shapeshifter) (D)
  3 insubstantial wisps (D)
  A soldier ant (shapeshifter) (D)
  Duvessa (D)
  A hell hound (D)
  2 water moccasins (D)
  A floating eye (D)
  2 eyes of draining (D)
  An eye of draining (shapeshifter) (D)
  A wolf (D)
  3 centaurs (D)
  Blork the orc (D)
  A bullfrog (D)
  Dowan (D)
  Crazy Yiuf (D)
  A jelly (D)
  Jessica (D)
  An ooze (D)
  A jackal (D)
  A fire vortex (D)
43 creatures vanquished.

Notes
Turn   | Place    | Note
-------+----------+-------------------------------------------
     0 | D        | Found the +6 Majin-Bo {vamp, Archmagi MP+6 Int+6}
     0 | D        | Found the +7 great mace "Firestarter" {inner flame, rF++}
     0 | D        | collin38 the Octopode Fire Elementalist began the quest for the Orb.
     0 | D        | Reached XP level 1. HP: 11/11 MP: 3/3
     0 | D        | Found a deep blue altar of Sif Muna.
     0 | D        | Found a sacrificial altar of Ru.
     0 | D        | Found a bloodstained altar of Trog.
     0 | D        | Found a stormy altar of Qazlal.
     0 | D        | Found an iron altar of Okawaru.
     0 | D        | Found a sparkling altar of Nemelex Xobeh.
     0 | D        | Found a blossoming altar of Fedhas.
     2 | D        | Found a transporter.
     2 | D        | Found an ancient bone altar of Kikubaaqudgha.
     2 | D        | Found a viscous altar of Jiyva.
     2 | D        | Found a corrupted altar of Lugonu.
     2 | D        | Found a hazy altar of Hepliaklqana.
     2 | D        | Found a burning altar of Makhleb.
     2 | D        | Found an opulent altar of Gozag.
    19 | D        | Found the +9 heavy crossbow "Sniper" {velocity, Acc+∞ SInv}
    19 | D        | Found the +10 dark maul {crush}
    19 | D        | Found the +15 Maxwell's patent armour {-Cast -Tele rElec MR+ rCorr}
    19 | D        | Found the +18 shield of the Gong {rElec rN+ MR+ EV-5}
    19 | D        | Found the cursed +14 obsidian axe {chop, +Fly SInv *Curse}
    23 | D        | Found the +6 shillelagh "Devastator" {shatter}
    23 | D        | Found the +11 plutonium sword {*Contam Stlth-}
    23 | D        | Found the +8 lance "Wyrmbane" {slay drac, rPois rF+ rC+ AC+3}
    23 | D        | Found the +9 sword of Zonguldrok {reap}
    23 | D        | Found the cursed +13 scythe of Curses {drain, *Curse}
    23 | D        | Found the +0 sword of Power
    23 | D        | Found the +7 mace of Variability {chain chaos}
    23 | D        | Found the +7 Singing Sword
    23 | D        | Found the +7 longbow "Piercer" {penet, EV-2}
    65 | D        | Became a worshipper of Vehumet
    78 | D        | Reached XP level 2. HP: 27/27 MP: 5/5
    79 | D        | Entered arena 2.
    79 | D        | Noticed a water moccasin
    79 | D        | Noticed a water moccasin
    79 | D        | Found a transporter.
    86 | D        | Killed a water moccasin
    86 | D        | Reached skill level 5 in Fire Magic
    86 | D        | Reached XP level 3. HP: 32/32 MP: 5/8
    86 | D        | Reached XP level 4. HP: 38/38 MP: 6/10
    87 | D        | Killed a water moccasin
    87 | D        | Reached skill level 5 in Spellcasting
    87 | D        | Reached skill level 5 in Conjurations
    87 | D        | Reached XP level 5. HP: 43/43 MP: 7/13
   100 | D        | Entered arena 3.
   100 | D        | Noticed a wolf
   100 | D        | Found a transporter.
   101 | D        | Reached * piety under Vehumet
   101 | D        | Offered knowledge of Freeze by Vehumet.
   106 | D        | Killed a wolf
   106 | D        | Reached XP level 6. HP: 42/49 MP: 9/15
   149 | D        | Learned a level 5 spell: Fireball
   155 | D        | Entered arena 4.
   155 | D        | Noticed a draconian
   155 | D        | Noticed a draconian
   155 | D        | Noticed a draconian
   155 | D        | Noticed a draconian
   155 | D        | Found a transporter.
   164 | D        | Killed a draconian
   164 | D        | Reached ** piety under Vehumet
   164 | D        | Reached XP level 7. HP: 54/54 MP: 15/18
   180 | D        | Killed a draconian
   180 | D        | Reached XP level 8. HP: 45/60 MP: 17/20
   183 | D        | Killed a draconian
   183 | D        | Reached skill level 10 in Conjurations
   183 | D        | Reached skill level 10 in Fire Magic
   185 | D        | Killed a draconian
   185 | D        | Reached skill level 10 in Spellcasting
   185 | D        | Reached XP level 9. HP: 49/64 MP: 20/23
   336 | D        | Learned a level 3 spell: Mephitic Cloud
   339 | D        | Learned a level 2 spell: Blink
   344 | D        | Learned a level 4 spell: Sticky Flame
   345 | D        | Entered arena 5.
   345 | D        | Found a transporter.
   349 | D        | Offered knowledge of Throw Frost by Vehumet.
   349 | D        | Reached *** piety under Vehumet
   497 | D        | Entered arena 6.
   497 | D        | Found a transporter.
   498 | D        | Reached skill level 1 in Poison Magic
   498 | D        | Reached **** piety under Vehumet
   664 | D        | Entered arena 7.
   664 | D        | Noticed Sigmund
   664 | D        | Noticed Jessica
   664 | D        | Noticed Blork the orc
   664 | D        | Noticed Crazy Yiuf
   664 | D        | Noticed Dowan
   664 | D        | Noticed Duvessa
   666 | D        | Killed Jessica
   666 | D        | Offered knowledge of Dazzling Spray by Vehumet.
   666 | D        | Killed Blork the orc
   666 | D        | Reached ***** piety under Vehumet
   667 | D        | Killed Dowan
   668 | D        | Killed Crazy Yiuf
   668 | D        | Killed Sigmund
   670 | D        | Killed Duvessa
   781 | D        | Found a transporter.
   805 | D        | Entered arena 8.
   805 | D        | Noticed a red ugly thing
   805 | D        | Noticed a white ugly thing
   805 | D        | Noticed a merfolk
   808 | D        | Noticed a cyclops
   808 | D        | a merfolk changed into a cyclops
   811 | D        | Killed a white ugly thing
   811 | D        | Reached skill level 5 in Poison Magic
   811 | D        | Reached XP level 10. HP: 71/71 MP: 8/25
   815 | D        | Killed a cyclops
   820 | D        | Killed a white ugly thing
   825 | D        | Reached ****** piety under Vehumet
   905 | D        | Found a transporter.
   958 | D        | Entered arena 9.
   960 | D        | Offered knowledge of Ignite Poison by Vehumet.
  1053 | D        | Found a transporter.
  1075 | D        | Got the ring of Scepticism {Int+2 Dex+2}
  1087 | D        | Entered arena 10.
  1088 | D        | Found the +2 Maxwell's thermic engine {flame, freeze, rF- rC-}
  1103 | D        | Mangled by a merfolk

Vault maps used:
D:        sprint_v

Skill      XL: |  1  2  3  4  5  6  7  8  9 10 |
---------------+-------------------------------+-----
Fighting       | 7 |  7.3
Spellcasting   | 4 5 6 8 10 11 12 | 12.6
Conjurations   | 4 5 6 8 9 10 12 13 | 13.5
Fire Magic     | 5 6 7 9 11 12 13 | 13.7
Poison Magic   | 5 |  5.6
Dodging        | |  2.0
Stealth        | |  2.6

Action                   |  1- 3 |  4- 6 |  7- 9 | 10-12 || total
-------------------------+-------+-------+-------+-------++-------
Melee: Lance             |     4 |    16 |    31 |    12 ||    63
       Tentacles         |     1 |     3 |    11 |     2 ||    17
       Constrict         |     1 |     3 |     4 |     2 ||    10
 Cast: Fireball          |       |       |    10 |    16 ||    26
       Mephitic Cloud    |       |       |     3 |     2 ||     5
  Use: Potion            |     3 |     2 |     5 |     3 ||    13
       Scroll            |       |       |     1 |       ||     1
 Stab: Sleeping          |     2 |       |       |       ||     2
       Invisible         |     1 |     3 |     3 |       ||     7
  Eat: Ration            |       |       |       |     2 ||     2
Armor: Skin              |       |     1 |     3 |       ||     4
Dodge: Dodged            |       |     3 |     9 |     2 ||    14
Block: Buckler           |       |     3 |     6 |       ||     9

Table legend:
 A = Spawn XP
 B = Non-spawn XP
 C = Spawn XP percentage of total XP
 D = Spawn monster count
 E = Non-spawn monster count
 F = Spawn count percentage of total count
 G = Total turns spent on level
                    A         B        C        D         E        F      G
               +---------+---------+-------+---------+---------+-------+---------
         Total |       0 |    8456 |   0.0 |       0 |      42 |   0.0 |  1103
               +---------+---------+-------+---------+---------+-------+---------
             D |       0 |    8456 |   0.0 |       0 |      42 |   0.0 |  1103
               +---------+---------+-------+---------+---------+-------+---------
